 Dungeon Sprint DCSS version 0.17-a0-1646-geb1493d (webtiles) character file.

18126 Kidiri the Unseen (level 12, -1/51 HPs)
             Began as a Spriggan Enchanter on Aug 11, 2015.
             Was the Champion of Dithmenos.
             Killed by divine providence
             ... invoked by a daeva
              (11 damage)
             ... in the Dungeon (Sprint I: "Red Sonja").
             The game lasted 00:20:43 (4522 turns).

Kidiri the Unseen (Spriggan Enchanter)              Turns: 4522, Time: 00:20:43

Health: -1/51      AC: 10    Str:  8    XL:     12   Next: 25%
Magic:  33/33      EV: 43    Int: 23    God:    Dithmenos [******]
Gold:   1410       SH:  0    Dex: 27    Spells: 5 memorised, 31 levels left

rFire  . . .     SeeInvis +     o - +7 Spriggan's Knife {MR+ EV+4 Dex+4 Stlth+}
rCold  . . .     Clarity  +     c - +4 robe of Augmentation {Str+4 Int+4 Dex+4}
rNeg   . . .     SustAt   .     (shield restricted)
rPois  .         Gourm    .     (helmet restricted)
rElec  .         Spirit   .     b - +0 cloak (curse)
rCorr  .         Warding  .     (gloves unavailable)
rMut   .         NoTele   +     (boots unavailable)
MR     ++++.                    k - amulet of clarity
Stlth  +++++++++.               (no ring)
                                a - ring of protection from magic

@: very quick, incredibly resistant to hostile enchantments, incredibly stealthy
A: unfitting armour, iridescent scales 1, see invisible, deformed body,
herbivore 3, speed 3, mutation resistance 1, slow metabolism 2
a: Shadow Step, Shadow Form, Renounce Religion


You were in the Dungeon.
You worshipped Dithmenos.
Dithmenos was exalted by your worship.
You were full.

You visited 1 branch You collected 2653 gold pieces.
You spent 1243 gold pieces at shops.

Inventory:

Hand weapons
 o - the +7 Spriggan's Knife (weapon) {MR+ EV+4 Dex+4 Stlth+}
   (You found it in the Dungeon)

   It affects your evasion (+4).
   It affects your dexterity (+4).
   It affects your resistance to hostile enchantments.
   It makes you more stealthy.
Armour
 b - a cursed +0 cloak (worn)
 c - the +4 robe of Augmentation (worn) {Str+4 Int+4 Dex+4}
   (You bought it in a shop in the Dungeon)

   It affects your strength (+4).
   It affects your intelligence (+4).
   It affects your dexterity (+4).
Jewellery
 a - a ring of protection from magic (left hand)
 k - an amulet of clarity (around neck)
Scrolls
 j - a scroll of blinking
 l - a scroll of vulnerability {unknown}
 n - 2 scrolls of identify {unknown}
Potions
 e - 3 potions of curing
 f - a potion of heal wounds
 g - a potion of haste
 h - 3 potions of magic
 i - a potion of berserk rage
 m - a potion of brilliance {unknown}
 p - a potion of cure mutation {unknown}
Comestibles
 d - 2 bread rations


   Skills:
 + Level 10.9 Short Blades
 * Level 18.5 Dodging
 * Level 19.9 Stealth
 * Level 16.1 Spellcasting
 + Level 7.3 Conjurations
 + Level 12.3 Hexes
 + Level 8.3 Ice Magic
 + Level 9.0 Invocations


You had 31 spell levels left.
You knew the following spells:

 Your Spells              Type           Power        Failure   Level  Hunger
a - Corona                Hex            ######.      1%          1    None
b - Ensorcelled Hibernat  Hex/Ice        ######       1%          2    None
c - Confuse               Hex            ######..     1%          3    None
d - Tukima's Dance        Hex            ######..     1%          3    None
e - Dazzling Spray        Conj/Hex       ######..     1%          3    None


Dungeon Overview and Level Annotations

Branches:
Dungeon (1/1)

Altars:
Cheibriados
Dithmenos
Elyvilon
Fedhas
Gozag
Kikubaaqudgha
Makhleb
Nemelex Xobeh
Okawaru
Qazlal
Ru
Sif Muna
Trog
Vehumet
Xom
Yredelemnul
Zin
The Shining One
Jiyva

Shops:
D !=[=%?(:[[((?%([!

Annotations:
D Norris


Innate Abilities, Weirdness & Mutations

You are tiny and cannot use many weapons and most armour.
You have supernaturally acute eyesight.
You are a herbivore.
You cover ground extremely quickly.
You need consume almost no food.
You are partially covered in iridescent scales (AC +4).
Armour fits poorly on your strangely shaped body.
You are somewhat resistant to further mutation.


Message History

Something smites you!
You see here 27 gold pieces.
You now have 1410 gold pieces (gained 27).
The daeva calls down the wrath of the Shining One upon you.
Something smites you!
* * * LOW HITPOINT WARNING * * *
You see here a sack of spiders.
Unknown command.
Drink which item? (? for menu, Esc to quit)
You feel much better.
Press: ? - help, v - describe, . - travel, g - get item A long sword.
The floor.
The daeva calls down the wrath of the Shining One upon you.
Something smites you!
* * * LOW HITPOINT WARNING * * *
There is an open door here.
The daeva calls down the wrath of the Shining One upon you.
Something smites you!
You die...

..'..#§#.###..§#######+#$§§§§#
###.§§§#+#.###+#}))## #§§$§$#
§##+####^..#@#.##...# #§§§§#
.#§§§^^#...###..###§# # #
§#§§...+.....##.#A#§#
+###§)^#§....#..###.#
.+.#^§.###++##.##§§.#
##.#(.###..###..#'###
##.#..####..###.@.#
##§##+#§.#[.#.###.#
##§##.#§§.......#.#
.+.####...§§§...#)#
##§#..+......####'#
.#§#####...###...)#
#+§#[..#####...####
####.)...)...###
##..)....#####


You could see a daeva.

Vanquished Creatures
  4 fire giants (D)
  A lorocyproca (D)
  A hydra (D)
  2 centaur warriors (D)
  Sonja (D)
  A lindwurm (D)
  7 unseen horrors (D)
  A deep troll (D)
  An oklob plant (D)
  A gargoyle (D)
  4 demonic crawlers (D)
  2 kobold demonologists (D)
  A slime creature (D)
  4 trapdoor spiders (D)
  Sigmund (D)
  A yak (D)
  13 hogs (D)
  An ogre (D)
  A wasp (D)
  7 necrophages (D)
  Ijyb (D)
  8 jellies (D)
  3 giant eyeballs (D)
  3 ballistomycetes (D)
  A giant spore (D)
71 creatures vanquished.

Vanquished Creatures (others)
  A gargoyle (D)
  A giant spore (D)
2 creatures vanquished.

Grand Total: 73 creatures vanquished

Notes
Turn   | Place    | Note
--------------------------------------------------------------
     0 | D        | Kidiri the Spriggan Enchanter began the quest for the Orb.
     0 | D        | Reached XP level 1. HP: 9/9 MP: 5/5
     2 | D        | Noticed Ijyb
    10 | D        | Killed Ijyb
    10 | D        | Reached skill level 5 in Dodging
    10 | D        | Reached skill level 6 in Stealth
    10 | D        | Reached XP level 2. HP: 8/13 MP: 5/8
   239 | D        | Learned a level 2 spell: Ensorcelled Hibernation
   241 | D        | Noticed an ogre
   250 | D        | Killed an ogre
   250 | D        | Reached skill level 7 in Dodging
   250 | D        | Reached skill level 8 in Stealth
   250 | D        | Reached skill level 5 in Hexes
   250 | D        | Reached skill level 1 in Ice Magic
   250 | D        | Reached XP level 3. HP: 16/16 MP: 4/11
   250 | D        | Reached XP level 4. HP: 21/21 MP: 4/13
   325 | D        | Learned a level 3 spell: Confuse
   329 | D        | Learned a level 3 spell: Tukima's Dance
   333 | D        | Learned a level 3 spell: Dazzling Spray
   433 | D        | Noticed Sigmund
   440 | D        | Killed Sigmund
   440 | D        | Reached skill level 10 in Stealth
   440 | D        | Reached skill level 1 in Conjurations
   440 | D        | Reached XP level 5. HP: 17/24 MP: 12/16
   440 | D        | Reached XP level 6. HP: 19/28 MP: 12/17
   542 | D        | Found a snail-covered altar of Cheibriados.
   542 | D        | Found a viscous altar of Jiyva.
   542 | D        | Found a shadowy altar of Dithmenos.
   542 | D        | Found a blossoming altar of Fedhas.
   542 | D        | Noticed a slime creature
   546 | D        | Became a worshipper of Dithmenos the Shadowed
   548 | D        | Killed a slime creature
   548 | D        | Reached skill level 5 in Short Blades
   548 | D        | Reached skill level 10 in Dodging
   548 | D        | Reached skill level 11 in Stealth
   856 | D        | Found a deep blue altar of Sif Muna.
   857 | D        | Noticed a jelly
   858 | D        | Found a radiant altar of Vehumet.
   862 | D        | Killed a jelly
   910 | D        | Found Donoukaf's Jewellery Emporium.
   910 | D        | Found a white marble altar of Elyvilon.
   910 | D        | Found a stormy altar of Qazlal.
   910 | D        | Found a burning altar of Makhleb.
   910 | D        | Found a sacrificial altar of Ru.
   910 | D        | Found a basalt altar of Yredelemnul.
   910 | D        | Found a glowing golden altar of the Shining One.
   910 | D        | Found a sparkling altar of Nemelex Xobeh.
   910 | D        | Found a shimmering altar of Xom.
   910 | D        | Found an opulent altar of Gozag.
   910 | D        | Found an ancient bone altar of Kikubaaqudgha.
   910 | D        | Found a glowing silver altar of Zin.
   910 | D        | Noticed a yak
   911 | D        | Found an iron altar of Okawaru.
   912 | D        | Killed a yak
   912 | D        | Reached XP level 7. HP: 32/32 MP: 18/20
   913 | D        | Found a bloodstained altar of Trog.
   926 | D        | Noticed Sonja
   930 | D        | Killed Sonja
   930 | D        | Reached skill level 12 in Stealth
   930 | D        | Reached skill level 10 in Spellcasting
   930 | D        | Reached XP level 8. HP: 36/36 MP: 21/23
   946 | D        | Found Dupauc's Distillery.
   954 | D        | Bought a potion of mutation for 27 gold pieces
   954 | D        | Gained mutation: You are partially covered in iridescent scales (AC +4). [potion of mutation]
   954 | D        | Gained mutation: Armour fits poorly on your strangely shaped body. [potion of mutation]
   954 | D        | Gained mutation: You are somewhat resistant to further mutation. [potion of mutation]
  1092 | D        | Killed a gargoyle
  1140 | D        | Noticed a deep troll
  1144 | D        | Killed a deep troll
  1144 | D        | Reached skill level 13 in Stealth
  1155 | D        | Found Otaikk's Armour Emporium.
  1181 | D        | Noticed a centaur warrior
  1182 | D        | Noticed a centaur warrior
  1184 | D        | Killed a centaur warrior
  1184 | D        | Acquired Dithmenos's first power
  1184 | D        | Reached skill level 14 in Stealth
  1184 | D        | Reached skill level 5 in Ice Magic
  1184 | D        | Reached XP level 9. HP: 39/39 MP: 23/25
  1188 | D        | Killed a centaur warrior
  1188 | D        | Reached skill level 15 in Stealth
  1188 | D        | Reached skill level 5 in Invocations
  1214 | D        | Noticed a wasp
  1217 | D        | Killed a wasp
  1229 | D        | Noticed an oklob plant
  1231 | D        | Killed an oklob plant
  1237 | D        | Noticed a trapdoor spider
  1238 | D        | Noticed a trapdoor spider
  1241 | D        | Killed a trapdoor spider
  1248 | D        | Noticed a trapdoor spider
  1256 | D        | Killed a trapdoor spider
  1256 | D        | Acquired Dithmenos's second power
  1263 | D        | Killed a trapdoor spider
  1263 | D        | Reached XP level 10. HP: 44/44 MP: 0/27
  1505 | D        | Noticed a trapdoor spider
  1515 | D        | Killed a trapdoor spider
  1739 | D        | Noticed an unseen horror
  1739 | D        | Noticed an unseen horror
  1756 | D        | Killed an unseen horror
  1756 | D        | Reached skill level 16 in Stealth
  1756 | D        | Reached skill level 5 in Conjurations
  1764 | D        | Killed an unseen horror
  1764 | D        | Reached skill level 15 in Dodging
  2047 | D        | Noticed a jelly
  2047 | D        | Noticed a jelly
  2048 | D        | Noticed a jelly
  2049 | D        | Acquired Dithmenos's third power
  2065 | D        | Noticed a jelly
  2065 | D        | Noticed a jelly
  2065 | D        | Noticed a jelly
  2065 | D        | Noticed a jelly
  2067 | D        | Killed a jelly
  2068 | D        | Killed a jelly
  2070 | D        | Killed a jelly
  2070 | D        | Reached skill level 10 in Hexes
  2071 | D        | Killed a jelly
  2072 | D        | Noticed a necrophage
  2072 | D        | Noticed a necrophage
  2072 | D        | Noticed a necrophage
  2073 | D        | Killed a jelly
  2074 | D        | Killed a jelly
  2077 | D        | Noticed a necrophage
  2077 | D        | Noticed a necrophage
  2078 | D        | Killed a jelly
  2078 | D        | Acquired Dithmenos's fourth power
  2090 | D        | Killed a necrophage
  2104 | D        | Killed a necrophage
  2142 | D        | Noticed a necrophage
  2142 | D        | Noticed a necrophage
  2144 | D        | Killed a necrophage
  2145 | D        | Killed a necrophage
  2146 | D        | Killed a necrophage
  2147 | D        | Killed a necrophage
  2148 | D        | Killed a necrophage
  2173 | D        | Found Joeh's Jewellery Shoppe.
  2173 | D        | Found Voib's Antique Armour Shop.
  2173 | D        | Found Wiatorph's Food Boutique.
  2175 | D        | Found Toekuet's Magic Scroll Emporium.
  2175 | D        | Found Comillab's Antique Weapon Shop.
  2175 | D        | Found Ratu's Book Shoppe.
  2175 | D        | Found Nuotuuci's Antique Armour Boutique.
  2175 | D        | Found Nurhin's Armour Emporium.
  2175 | D        | Found Qukhux's Weapon Shop.
  2175 | D        | Found Yhow's Antique Weapon Shoppe.
  2179 | D        | Found Yxixt's Magic Scroll Boutique.
  2180 | D        | Found Plog's Weapon Emporium.
  2180 | D        | Found Ucijuicku's Food Boutique.
  2181 | D        | Found Zainomie's Distillery.
  2393 | D        | Noticed a kobold demonologist
  2394 | D        | Noticed a kobold demonologist
  2397 | D        | Killed a kobold demonologist
  2399 | D        | Killed a kobold demonologist
  2418 | D        | Noticed a demonic crawler
  2418 | D        | Noticed a demonic crawler
  2418 | D        | Noticed a demonic crawler
  2418 | D        | Noticed a demonic crawler
  2420 | D        | Killed a demonic crawler
  2420 | D        | Reached skill level 17 in Stealth
  2421 | D        | Killed a demonic crawler
  2425 | D        | Killed a demonic crawler
  2431 | D        | Killed a demonic crawler
  2518 | D        | Noticed a lindwurm
  2520 | D        | Killed a lindwurm
  2520 | D        | Reached XP level 11. HP: 47/47 MP: 28/30
  2527 | D        | Noticed a hog
  2527 | D        | Noticed a hog
  2527 | D        | Noticed a hog
  2527 | D        | Noticed a hog
  2527 | D        | Noticed a hog
  2528 | D        | Noticed a hog
  2528 | D        | Noticed a hog
  2529 | D        | Noticed a hog
  2529 | D        | Noticed a hog
  2529 | D        | Killed a hog
  2530 | D        | Killed a hog
  2532 | D        | Killed a hog
  2533 | D        | Noticed a hog
  2533 | D        | Killed a hog
  2544 | D        | Killed a hog
  2547 | D        | Killed a hog
  2548 | D        | Noticed a hog
  2548 | D        | Noticed a hog
  2549 | D        | Killed a hog
  2551 | D        | Noticed a hog
  2551 | D        | Killed a hog
  2553 | D        | Killed a hog
  2554 | D        | Killed a hog
  2556 | D        | Killed a hog
  2557 | D        | Killed a hog
  2559 | D        | Killed a hog
  2633 | D        | Noticed a 12-headed hydra
  2635 | D        | Killed a 12-headed hydra
  2635 | D        | Reached skill level 18 in Stealth
  2699 | D        | Noticed a gargoyle
  2701 | D        | Killed a gargoyle
  2865 | D        | Noticed Norris
  2866 | D        | Noticed a lorocyproca
  2872 | D        | Killed a lorocyproca
  2872 | D        | Reached skill level 10 in Short Blades
  3645 | D        | Bought the +4 robe of Augmentation {Str+4 Int+4 Dex+4} for 1216 gold pieces
  3990 | D        | Noticed a daeva
  3994 | D        | Noticed an unseen horror
  3994 | D        | Noticed an unseen horror
  3994 | D        | Noticed an unseen horror
  3995 | D        | Noticed an unseen horror
  3997 | D        | Killed an unseen horror
  3998 | D        | Noticed an unseen horror
  3999 | D        | Killed an unseen horror
  3999 | D        | Reached skill level 15 in Spellcasting
  4000 | D        | Killed an unseen horror
  4002 | D        | Killed an unseen horror
  4002 | D        | Reached skill level 19 in Stealth
  4004 | D        | Killed an unseen horror
  4196 | D        | Noticed a fire giant
  4197 | D        | Noticed a fire giant
  4197 | D        | Noticed a fire giant
  4197 | D        | Noticed a fire giant
  4207 | D        | Killed a fire giant
  4236 | D        | Killed a fire giant
  4236 | D        | Reached XP level 12. HP: 16/51 MP: 16/32
  4350 | D        | Killed a fire giant
  4385 | D        | Killed a fire giant
  4513 | D        | HP: 1/51 [daeva/divine providence (15)]
  4522 | D        | Killed from afar by a daeva

Vault maps used:
D:        dungeon_sprint_1

Action                   |  1- 3 |  4- 6 |  7- 9 | 10-12 || total
-------------------------+-------+-------+-------+-------++-------
Melee: Dagger            |     7 |     5 |     1 |       ||    13
       Short sword       |       |       |    11 |    32 ||    43
       Knife             |       |       |       |    64 ||    64
 Fire: Shortbow          |       |       |       |     1 ||     1
 Cast: Corona            |     1 |       |       |       ||     1
       Ensorcelled Hiber |     2 |     1 |    10 |     3 ||    16
       Dazzling Spray    |       |     1 |     3 |     8 ||    12
       Confuse           |       |       |     1 |     9 ||    10
Invok: Shadow Step       |       |       |       |     4 ||     4
  Use: Potion            |       |       |     1 |     1 ||     2
 Stab: Sleeping          |     3 |     4 |     8 |    40 ||    55
       Confused          |       |       |     1 |     6 ||     7
       Invisible         |       |       |       |     4 ||     4
  Eat: Bread ration      |       |       |       |     1 ||     1
